[Event "Early-Titled-Tuesday-Blitz-May-14-2024"]
[Site "Chess.com"]
[Date "2024.05.14"]
[Round "9"]
[White "vugarrasulov"]
[Black "David_Arutinian"]
[Result "0-1"]
[WhiteElo "2971"]
[BlackElo "2851"]
[TimeControl "180+1"]
[EndTime "9:48:29 PDT"]
[Termination "David_Arutinian won by checkmate"]

1. c4 e5 2. Nc3 Nf6 3. d3 Nc6 4. Nf3 d5 5. cxd5 Nxd5 6. e4 Nf6 7. Be2 Bc5 8. O-O O-O 9. Be3 Bb6 10. Rc1 Bg4 11. Nd2 Be6 12. a3 Nd4 13. Nc4 Bxc4 14.
dxc4 c6 15. b4 Nxe2+ 16. Qxe2 Bxe3 17. Qxe3 Qe7 18. c5 Ne8 19. Rfd1 Nc7 20. h3 Rfd8 21. Ne2 Ne6 22. Rd2 Rxd2 23. Qxd2 Rd8 24. Qc3 Qg5 25. Ng3 g6 26. Rf1 h5 27. Re1 Nf4 28. h4 Qe7 29.
Nf1 Qxh4 30. g3 Qg5 31. Ne3 h4 32. g4 h3 33. Kh2 Nd3 34. Rf1 Qf4+ 35. Kg1 h2+ 36.
Kg2 Qxe4+ 37. Kxh2 Kg7 38. Ng2 Qxg4 39. Kg1 Rd4 40. f3 Qg3 41. f4 Re4 42. fxe5 Kg8 43. e6 Rxe6 44. Qd4 Ne5 45. Qd8+ Kg7 46. Qd4 f6 47.
Qe3 Qxe3+ 48. Nxe3 Re7 49. Kg2 Rd7 50. Re1 Rd2+ 51.
Kg3 Rd3 52. Kf4 Rxa3 53. Ke4 Rb3 54. Nc2 Rc3 55. Re2 Rc4+ 56. Ke3 f5 57. Kd2 Kf6 58.
Kd1 g5 59. Rh2 g4 60. Rh7 g3 61. Ne3 Rd4+ 62. Ke2 f4 63. Nc2 f3+ 64. Ke3 Rg4 65.
Rh6+ Kg7 66. Rh1 g2 67. Rg1 Kf6 68. Ne1 Kf5 69. Kf2 Kf4 70. Nc2 Nd3# 0-1

[Event "Early-Titled-Tuesday-Blitz-May-14-2024"]
[Site "Chess.com"]
[Date "2024.05.14"]
[Round "9"]
[White "Aygehovit1992"]
[Black "CarlosjPineror"]
[Result "1/2-1/2"]
[WhiteElo "2863"]
[BlackElo "2752"]
[TimeControl "180+1"]
[EndTime "9:48:30 PDT"]
[Termination "Game drawn - insufficient material"]

1. e4 c5 2. Nc3 e6 3. d4 cxd4 4. Qxd4 Nc6 5. Qe3 a6 6. Nf3 Qc7 7. e5 Nge7 8. Bd3 b5 9. Bd2 Bb7 10. O-O Ng6 11. Rfe1 Be7 12. a4 b4 13. Na2 O-O 14. c3 bxc3 15. Bxc3 f5 16. exf6 Bxf6 17. Bxg6 hxg6 18. Rad1 Ne7 19. Be5 Qc6 20. Rd6 Qc4 21. Bxf6 Rxf6 22. Ne5 Qxa2 23. Rxd7 Nf5 24. Qg5 Bd5 25.
Nxg6 Qb3 26. Qh5 Rxg6 27. Qxg6 Rf8 28. h3 Qxb2 29. Rf1 Qf6 30. Qxf6 Rxf6 31. Rc1 Nd4 32.
Rc8+ Kh7 33. f3 Ne2+ 34. Kf2 Nf4 35. Rcc7 Rg6 36. g4 Nxh3+ 37. Kg3 Ng1 38. f4 Ne2+ 39.
Kf2 Nxf4 40. Ra7 Nd3+ 41. Ke3 Ne5 42. Rdc7 Nxg4+ 43. Kd4 Nf6 44. Rxa6 Rg4+ 45. Kc5 Rc4+ 46. Kb6 Rb4+ 47. Kc5 Rc4+ 48. Kb6 Rb4+ 49. Kc5 Rb3 50. a5 Ne4+ 51. Kd4 Ra3 52. Raa7 Ra4+ 53. Ke5 Kh6 54.
Rxg7 Ng5 55. Rg8 Kh5 56. Rag7 Rg4 57. Kd6 Kh4 58. Ke7 Rg3 59. a6 Rg4 60. a7 e5 61.
a8=Q Bxa8 62. Rxa8 e4 63. Rh8+ Kg3 64. Kf6 Nf3 65.
Rxg4+ Kxg4 66. Re8 Kf4 67. Ke6 e3 68. Kd5 Ng1 69. Kd4 e2 70. Kd3 Kg3 71. Re3+ Kf2 72. Rxe2+ Nxe2 1/2-1/2

[Event "Early-Titled-Tuesday-Blitz-May-14-2024"]
[Site "Chess.com"]
[Date "2024.05.14"]
[Round "9"]
[White "Sasha_Solovev_777"]
[Black "wild3000"]
[Result "1/2-1/2"]
[WhiteElo "2237"]
[BlackElo "2508"]
[TimeControl "180+1"]
[EndTime "9:48:30 PDT"]
[Termination "Game drawn by repetition"]

1. e4 e6 2. d4 d5 3. Nc3 Bb4 4.
Ne2 c5 5. exd5 Qxd5 6. a3 Bxc3+ 7. bxc3 Nc6 8. Be3 Nf6 9. dxc5 O-O 10. Qxd5 Nxd5 11.
Bd2 e5 12. c4 Nf6 13. Nc3 Bf5 14. Bd3 e4 15. Be2 Nd4 16. O-O-O Rac8 17. Be3 Nxe2+ 18.
Nxe2 Ng4 19. Bd4 Be6 20. Nc3 f5 21. Nd5 Rcd8 22. h3 Nh6 23. Be5 Rd7 24. Bd6 Rc8 25.
Ne7+ Rxe7 26. Bxe7 Kf7 27. Bd6 Bxc4 28. Rhe1 Ng8 29. f3 Nf6 30. fxe4 Nxe4 31. Rd4 Be6 32. g4 g6 33. gxf5 gxf5 34. Rb4 Bd5 35. c4 Bc6 36. Rb2 b6 37. cxb6 Nxd6 38. bxa7 Be4 39. Rb8 Rxc4+ 40.
Kb2 Ra4 41. Rxe4 Rxa7 42. Reb4 Ke6 43. R8b6 Kd5 44. Rb8 Rf7 45. Rd8 Kc5 46. Rf4 h5 47. a4 Nc4+ 48. Kc3 Ne5 49. Rc8+ Kb6 50. Rb8+ Kc6 51.
Rb5 Kd6 52. a5 Rc7+ 53. Kb3 Ke6 54. Rb6+ Kd5 55. Rxf5 Ke4 56. Rxh5 Nd3 57. Rh4+ Ke3 58. Re6+ Kd2 59. Rd6 Rb7+ 60. Kc4 Rc7+ 61. Kb5 Rc5+ 62. Kb6 Rc3 63. Rxd3+ Rxd3 64. Rb4 Rxh3 65. Rb5 Rh6+ 66. Kb7 Kc3 67. a6 Kc4 68. Rb6 Rh7+ 69. Kb8 Kc5 70. Rb7 Rh8+ 71. Ka7 Kc6 72. Rb6+ Kc7 73. Rb7+ Kc6 74.
Rb8 Rh7+ 75. Rb7 Rh8 1/2-1/2

[Event "Early-Titled-Tuesday-Blitz-May-14-2024"]
[Site "Chess.com"]
[Date "2024.05.14"]
[Round "9"]
[White "FXDon77"]
[Black "NikitaShnadrygin"]
[Result "0-1"]
[WhiteElo "2861"]
[BlackElo "2755"]
[TimeControl "180+1"]
[EndTime "9:48:31 PDT"]
[Termination "NikitaShnadrygin won by resignation"]

1. e4 c5 2. Nf3 e6 3. d4 cxd4 4.
Nxd4 Nf6 5. Nc3 Nc6 6. a3 Be7 7. Be2 O-O 8. O-O d5 9. exd5 exd5 10. Be3 Ne5 11. h3 Bd7 12. Re1 Rc8 13. Bg5 Bc6 14.
Nf5 Bc5 15. Bd3 Re8 16. Qd2 Nxd3 17. cxd3 d4 18. Rxe8+ Bxe8 19. Ne2 Qd5 20. Neg3 Bc6 21. f3 Nh5 22. Re1 Nxg3 23. Nxg3 h6 24. Bf4 Re8 25. Rxe8+ Bxe8 26. Ne4 Be7 27. Qe1 Kf8 28. Bd2 f5 29. Nf2 Kf7 30. Bb4 Bf6 31. Qc1 Qc6 32. Qd1 Qd5 33. Qc2 Bc6 34. Nh1 Bg5 35. Ng3 Be3+ 36. Kh1 g5 37. Qc5 Qxc5 38. Bxc5 b6 39. Bd6 Ke6 40. Bf8 Kf7 41. Bb4 Kg6 42. Ne2 Bb5 43. Kh2 Bxd3 44. Ng3 Bf4 45. Be1 h5 46. Kg1 Be3+ 47.
Bf2 f4 48. Nh1 Kf5 49. g4+ hxg4 50. hxg4+ Ke5 51. Kg2 Be2 52. Be1 d3 53. Nf2 d2 54.
Bxd2 Bxd2 55. Ne4 Bc1 56. Nxg5 Bd3 57. Nf7+ Kf6 58. Nd6 Bxb2 59. Nc8 Bxa3 60. Nxa7 Bc4 61. Kf2 Bc5+ 62. Ke1 Bd5 63. Nb5 Bc6 64. Nc3 Bb4 65.
Kd2 Bxc3+ 66. Kxc3 Bxf3 67. Kd4 Kg5 0-1

[Event "Early-Titled-Tuesday-Blitz-May-14-2024"]
[Site "Chess.com"]
[Date "2024.05.14"]
[Round "9"]
[White "LamaChampetre"]
[Black "margarita_2703"]
[Result "1-0"]
[WhiteElo "2221"]
[BlackElo "2328"]
[TimeControl "180+1"]
[EndTime "9:48:32 PDT"]
[Termination "LamaChampetre won by resignation"]

1. d4 d5 2. c4 e6 3. Nf3 Nf6 4. g3 Be7 5. Bg2 O-O 6. O-O dxc4 7. Ne5 Nc6 8. Bxc6 bxc6 9. Nxc6 Qe8 10. Nxe7+ Qxe7 11. Qa4 c5 12. Qa3 Nd7 13. Nc3 Bb7 14. Be3 Rfc8 15.
Na4 Bd5 16. Nxc5 Nxc5 17. dxc5 Qb7 18. f3 a5 19. Bf2 f5 20. Rfd1 Qb4 21. Qc3 Qxc3 22.
bxc3 Rab8 23. Rab1 Kf7 24. Bd4 a4 25. Be5 Rxb1 26.
Rxb1 Rxc5 27. Rb4 Ra5 28. Kf2 Ra7 29. Bd4 Ra6 30. e4 fxe4 31. fxe4 Bxe4 32. Rxc4 Bd5 33.
Rc7+ Ke8 34. a3 e5 35. Bxe5 Bf7 36. Bxg7 Rb6 37. Ra7 Rb2+ 38. Ke3 Bb3 39. h4 Ra2 40. Bd4 Rxa3 41. Rxh7 Ra1 42. Ra7 Re1+ 43. Kf2 Rd1 44.
Bc5 Rc1 45. Bb4 Rc2+ 46. Kf3 Rc1 47. Kf4 Rf1+ 48. Kg5 Bc2 49. g4 Rg1 50. Kf4 Bd1 51.
g5 Rh1 52. g6 Rxh4+ 53. Ke5 Rg4 54. g7 Bb3 55. Kd6 Rg6+ 56. Kc5 Rg5+ 57. Kd4 Rg4+ 58. Ke5 Rg1 59. Ra8+ Kd7 60. Ra7+ Kc6 61. Kd4 Rg4+ 62. Ke5 Kb5 63. Kf6 Rg1 64. Ke5 Kc4 65. Kf6 Kd3 66.
Ra5 Rf1+ 67. Ke7 Rg1 68. Kf6 Rg6+ 69. Kxg6 Bf7+ 70. Kh6 Bb3 71. Kg5 Kc2 72. Kf6 Kb2 73.
Ke7 a3 74. Kf8 a2 75. Rxa2+ Kxa2 76. g8=Q Bxg8 77. Kxg8 Kb3 78. Kf8 Kc4 79. Ke7 Kb3 80. Kd8 Kc4 81. Kc7 Kb5 82. Kd7 Kc4 83. Kd6 Kb5 84. Kd5 Kb6 85. Kd4 Kb5 86. c4+ Kb6 87. Kd5 Kc7 88. c5 Kb7 89. Bc3 Kc8 90. Be5 Kd8 91.
c6 Kc8 92. Kc5 Kd8 93. Bd6 Kc8 94. Kb6 Kd8 95. Kb7 Ke8 96. c7 Kf7 97. c8=Q 1-0

[Event "Early-Titled-Tuesday-Blitz-May-14-2024"]
[Site "Chess.com"]
[Date "2024.05.14"]
[Round "9"]
[White "Dolphin_2010"]
[Black "praveenb2002"]
[Result "0-1"]
[WhiteElo "2625"]
[BlackElo "2845"]
[TimeControl "180+1"]
[EndTime "9:48:34 PDT"]
[Termination "praveenb2002 won by resignation"]

1. d4 Nf6 2. Bg5 Ne4 3. Bf4 c5 4. f3 Qa5+ 5. c3 Nf6 6. d5 d6 7. e4 g6 8. Bd3 Bg7 9. Nd2 O-O 10. Ne2 Nbd7 11. O-O Ne5 12. Bxe5 dxe5 13. Rc1 Bh6 14. Kh1 e6 15. Nc4 Qd8 16. dxe6 Bxe6 17. Rb1 Qc7 18. Na3 Rfd8 19. c4 Rd7 20. Nc3 a6 21. Nd5 Bxd5 22. cxd5 b5 23. Be2 c4 24. Nc2 Qc5 25. Qe1 a5 26. Qh4 Kg7 27. Qf2 Rc8 28. Qxc5 Rxc5 29. a3 Ne8 30. Kg1 Nd6 31. Kf2 f5 32. exf5 gxf5 33. Rfd1 Ne8 34. Ne3 Bxe3+ 35. Kxe3 Rcxd5 36. Rxd5 Rxd5 37. a4 Nd6 38. axb5 Rxb5 39. Rd1 Rb3+ 40. Kf2 Rb6 41. Rd5 Kf6 42. Ke3 Ke6 43. Rxa5 Rb3+ 44.
Kd2 Rxb2+ 45. Ke1 c3 46. Rc5 c2 47. Bd3 c1=Q+ 48. Rxc1 Rxg2 49. Rc2 Rxc2 50. Bxc2 Kd5 51. Ke2 Kd4 52. Bb1 h6 53. Bc2 f4 54. Bb3 Nb5 55. Bf7 Kc3 56. Bg6 Nd4+ 57. Kf2 Kd2 58. Be4 Nb5 59. Ba8 Nc3 60. Bc6 Nd1+ 61. Kf1 Ke3 62. Kg2 Nb2 63. Bb7 Nd3 64. Kf1 Nc5 65. Bd5 Nd3 66.
Be4 Nb4 67. Bb7 Nc2 68. Bd5 Nd4 69. Kg2 Ke2 70. Bc4+ Ke1 71. Bd5 Nc2 72. Kg1 Ne3 73.
Bc6 Ke2 74. Bb7 Nc2 75. Be4 Ne1 76. h4 Nxf3+ 77. Kg2 Nxh4+ 78. Kh3 Nf3 79. Kg4 Nd4 80. Kh4 f3 81. Kg3 f2 82. Bd3+ Kxd3 0-1

[Event "Early-Titled-Tuesday-Blitz-May-14-2024"]
[Site "Chess.com"]
[Date "2024.05.14"]
[Round "9"]
[White "Buzhizhebuguai"]
[Black "ContrVersia"]
[Result "0-1"]
[WhiteElo "2776"]
[BlackElo "2906"]
[TimeControl "180+1"]
[EndTime "9:48:41 PDT"]
[Termination "ContrVersia won on time"]

1. d4 Nf6 2. Bf4 e6 3. e3 c5 4.
c3 b6 5. Nf3 Be7 6. h3 O-O 7.
Nbd2 cxd4 8. exd4 d6 9. Bh2 h6 10. Bd3 Ba6 11. Nc4 Qc7 12. Nfd2 Nbd7 13. O-O Rfe8 14.
a4 Bb7 15. Re1 Bf8 16. Bf1 a6 17. Qb3 Bd5 18. Qa3 e5 19. Ne3 Bb7 20. dxe5 dxe5 21.
Qa2 Rad8 22. Bc4 Nc5 23. Rad1 Nd3 24. Bxd3 Rxd3 25. Ndc4 Rxd1 26. Rxd1 Bc5 27. Qb3 Qc6 28. Qc2 Nd7 29. b4 Bf8 30. Qd3 Bc8 31. Nd5 f6 32.
Nce3 Qxa4 33. Qg6 Re6 34. Re1 Qc6 35. c4 b5 36. Nf5 Kh8 37. Qf7 Bb7 38. f3 bxc4 39.
Nde7 Qb6+ 40. Kh1 Rxe7 41. Nxe7 Bxe7 42. Qxe7 Bc6 43. Bg1 Qb5 44. Rd1 c3 45. Rc1 Qd3 46. Qd8+ Kh7 47. Qc7 Bb5 48. Qxc3 Qf5 49. Qc2 Bd3 50. Qd2 Nf8 51. Bb6 Ne6 52. Be3 h5 53.
Rc6 Bb5 54. Rd6 Nf4 55. Bxf4 exf4 56. Rd5 Qg6 57. Qd4 Qg3 58. Rxh5+ Kg6 59. Rd5 Qe1+ 60.
Qg1 Qxb4 61. Qd1 Qc4 62. Rd4 Qc7 63. Qb1+ Kh6 64. Rd5 Qc4 65. Rf5 Qd4 66. Qe1 Kg6 0-1

[Event "Early-Titled-Tuesday-Blitz-May-14-2024"]
[Site "Chess.com"]
[Date "2024.05.14"]
[Round "9"]
[White "ansko1999"]
[Black "GMSrinath"]
[Result "0-1"]
[WhiteElo "2645"]
[BlackElo "2827"]
[TimeControl "180+1"]
[EndTime "9:48:46 PDT"]
[Termination "GMSrinath won on time"]

1. c4 e5 2. Nf3 d6 3. d4 e4 4. Nfd2 f5 5. e3 Nf6 6. Nc3 g6 7. f3 exf3 8. Nxf3 Bg7 9. Bd3 O-O 10. O-O Re8 11. Qc2 Nc6 12. a3 Bd7 13. Bd2 a5 14. Rad1 Re7 15. Bc1 Qe8 16. Rfe1 Ng4 17. Nd5 Rc8 18.
Nxe7+ Qxe7 19. h3 Nf6 20. e4 fxe4 21. Bxe4 Nxe4 22. Qxe4 Qf8 23. Qd5+ Kh8 24. Ng5 h6 25. Rf1 Bf5 26. Ne6 Qe7 27. Nxg7 Qxg7 28. g4 Ne7 29. Qxb7 Bd7 30. Qf3 Re8 31. Qf7 Qxf7 32. Rxf7 Be6 33. Rf6 Bxc4 34. Re1 Kg7 35. g5 Bf7 36. b4 axb4 37.
axb4 hxg5 38. Bxg5 Nd5 39. Rxe8 Bxe8 40. Re6 Bd7 41.
Re1 Bxh3 42. Bd2 Kf7 43. Kf2 Kf6 44. Kf3 Bf5 45. Rc1 g5 46. Ra1 g4+ 47. Kg3 Ke6 48. Re1+ Kd7 49. Rf1 Be6 50. Re1 Ne7 51. Kf4 Nd5+ 52.
Kg3 c6 53. Rb1 Ne7 54. Re1 Nf5+ 55. Kf4 Nxd4 56. Re3 Nb5 57. Be1 Nc7 58. Kg5 Nd5 59. Ra3 Kc7 60. Ra7+ Kb6 61. Bf2+ Kb5 62. Rb7+ Kc4 63.
Rb8 Nxb4 64. Bg3 d5 65. Be5 Nd3 66. Bd6 d4 67. Re8 Kd5 68. Rd8 Ke4 69. Be7 c5 70. Rd6 Bd5 71. Bf6 c4 72. Rd8 c3 73. Kxg4 Nc5 74. Bg5 Ne6 75. Rc8 d3 0-1

[Event "Early-Titled-Tuesday-Blitz-May-14-2024"]
[Site "Chess.com"]
[Date "2024.05.14"]
[Round "9"]
[White "santosalberto1987"]
[Black "Witik"]
[Result "0-1"]
[WhiteElo "2605"]
[BlackElo "2768"]
[TimeControl "180+1"]
[EndTime "9:48:48 PDT"]
[Termination "Witik won by resignation"]

1. e4 c6 2. c4 d5 3. exd5 cxd5 4.
cxd5 Nf6 5. Qa4+ Nbd7 6. Bc4 g6 7. Nc3 Bg7 8. Nf3 O-O 9. d3 a6 10. Qa3 b6 11. O-O Bb7 12. Re1 Re8 13. h3 b5 14.
Bb3 Nb6 15. d6 Qxd6 16. Ng5 Nbd5 17. Qxd6 exd6 18. Bd2 h6 19. Nge4 Nxc3 20. Nxc3 b4 21. Na4 a5 22. Nb6 Ra6 23. Rxe8+ Nxe8 24. Re1 Nf6 25. Nc4 a4 26. Bc2 Nd5 27. Re8+ Kh7 28. Rd8 Bf6 29. Rxd6 Rxd6 30. Nxd6 Bc6 31. Nc4 Bb5 32. Bc1 Bd4 33. Kf1 g5 34. Ne3 Nf4 35. Nf5 Bf6 36. Bxf4 gxf4 37. b3 a3 38. Nd6 Bc6 39. Ne4 Bd4 40. Nd2 Kg6 41. Nf3 Bxf3 42. gxf3 Kg5 43. Kg2 Kh4 44. Bd1 f6 45. Be2 Kg5 46.
Bd1 Kf5 47. Kf1 Bc3 48. Ke2 Ke5 49. Bc2 Bd4 50. Bb1 Bc5 51. Bc2 Kd4 52. Kd2 Be7 53.
Bb1 f5 54. Bc2 Bh4 55. Bd1 Bxf2 56. Be2 Be3+ 57. Kc2 Bg1 58. Kd2 Bh2 59. Bd1 Bg3 60. Be2 Bf2 61. Bd1 Be3+ 62. Kc2 Bg1 63. Kd2 Bh2 64.
Be2 h5 65. Bd1 h4 66. Be2 Bg1 67. Bd1 Be3+ 68. Kc2 Bf2 69. Kd2 Ke5 70. Be2 Bd4 71.
Bd1 Bb2 72. Be2 Kd4 73. Bd1 Bc3+ 74. Ke2 Bb2 75. Kd2 Ba1 76. Bc2 Ke5 77. Bd1 Bd4 78. Bc2 Be3+ 79. Ke2 Kd4 80. Bb1 Kc3 81. d4 Kb2 82.
Bxf5 Kxa2 83. d5 Kb2 0-1

[Event "Early-Titled-Tuesday-Blitz-May-14-2024"]
[Site "Chess.com"]
[Date "2024.05.14"]
[Round "9"]
[White "Adar_07"]
[Black "RantomOpening"]
[Result "1/2-1/2"]
[WhiteElo "2720"]
[BlackElo "2567"]
[TimeControl "180+1"]
[EndTime "9:48:51 PDT"]
[Termination "Game drawn - timeout vs insufficient material"]

1. d4 d5 2. c4 e6 3. Nc3 Nf6 4. Bg5 c5 5. cxd5 cxd4 6. Qxd4 Be7 7. e3 exd5 8. Bb5+ Nc6 9. Qa4 O-O 10. Nge2 Ne5 11.
O-O a6 12. Nd4 Be6 13. Be2 b5 14. Qc2 Qb6 15. a3 Rac8 16. Rac1 h6 17. Bh4 Rfe8 18. Rfd1 Ne4 19. Bxe7 Rxe7 20. Nxd5 Rxc2 21. Nxb6 Rxb2 22.
Rc2 Rxc2 23. Nxc2 Nc3 24. Rd8+ Kh7 25. Bf1 Rb7 26. Na8 Nc6 27. Rd6 Nb8 28. Nd4 Bc4 29.
Bxc4 bxc4 30. Rb6 Rxb6 31. Nxb6 Nb5 32. Nxc4 Nc7 33. Kf1 Kg6 34. Ke2 Nd7 35. f4 Nc5 36. g4 h5 37. Ne5+ Kf6 38. gxh5 Nd5 39. Ng4+ Ke7 40. h6 gxh6 41. Nxh6 Ne4 42. Nhf5+ Kd7 43.
Ng3 Nec3+ 44. Kf3 Nb1 45. Ne4 Nxa3 46. Nc5+ Ke7 47. Nxa6 Nc4 48. Nc2 Nd2+ 49. Ke2 Ne4 50. Nab4 Ndc3+ 51. Kf3 f5 52. Nd4 Kf6 53. Nd3 Nd2+ 54.
Kg2 Nd5 55. Nc2 Nc4 56. Kf2 Nd6 57. Nc5 Nc3 58. Nd7+ Ke6 59. Ne5 Nde4+ 60. Kg2 Kf6 61. Nd4 Nd5 62. Nc4 Ndc3 63. Kf3 Kg6 64. h4 Nd5 65. h5+ Kxh5 66. Nxf5 Nef6 67. Ne5 Nb6 68. Ng3+ Kh6 69. Ng4+ Kg7 70. Nf5+ Kf7 71. Nxf6 Kxf6 72. Nd4 Nc4 73. e4 Ke7 74. e5 Nd2+ 75. Ke3 Nc4+ 76.
Ke4 Nb6 77. f5 Nc4 78. f6+ Kf7 79. Kf5 Ne3+ 1/2-1/2

[Event "Early-Titled-Tuesday-Blitz-May-14-2024"]
[Site "Chess.com"]
[Date "2024.05.14"]
[Round "9"]
[White "Antosha_Chekhonte"]
[Black "Orujov2008"]
[Result "1-0"]
[WhiteElo "2606"]
[BlackElo "2739"]
[TimeControl "180+1"]
[EndTime "9:48:52 PDT"]
[Termination "Antosha_Chekhonte won on time"]

1. e4 c5 2. Nf3 d6 3. c3 Nf6 4. Be2 Nc6 5. d4 cxd4 6. cxd4 g6 7. Nc3 Bg7 8. O-O O-O 9. h3 Bd7 10. d5 Nb8 11. Bf4 Na6 12. Rc1 Rc8 13. Re1 Nc5 14. Bf1 Qa5 15. Bd2 Qb6 16. Rb1 Na6 17. Be3 Qa5 18. a3 Ra8 19. Bd4 Qc7 20. b4 Rfc8 21. Rc1 Qd8 22. Qd2 Ne8 23. Bxg7 Kxg7 24. Qd4+ Kg8 25. e5 dxe5 26. Qxe5 e6 27. Rcd1 Qc7 28. Nb5 Qxe5 29. Nxe5 Bxb5 30. Bxb5 exd5 31. Bxa6 bxa6 32. Rxd5 Rc2 33. Rd7 Rc7 34. Red1 Rac8 35. Nxf7 Nf6 36. Nh6+ Kh8 37. Rxc7 Rxc7 38. Rd6 Kg7 39. Ng4 Ne4 40. Rxa6 h5 41. Ne5 g5 42. f3 Rc1+ 43. Kh2 Nd2 44. Rxa7+ Kf6 45. Kg3 Kxe5 46. Ra5+ Kf6 47. h4 Nf1+ 48.
Kf2 gxh4 49. Rxh5 Nd2 50. Rxh4 Ra1 51. Rf4+ Kg5 52. Rd4 Nb3 53. Rd3 Ra2+ 54. Kg3 Nc1 55. Rd5+ Kf6 56. Ra5 Ne2+ 57. Kg4 Nd4 58. g3 Nc2 59.
Ra6+ Kg7 60. b5 Nxa3 61. b6 Rb2 62. Rxa3 Rb4+ 63. f4 Rxb6 64. Ra5 Kg6 65. Rc5 Rd6 66. Rg5+ Kf6 67. Ra5 Rd3 68. Kh4 Rd1 69. Kg4 Rd3 70.
Ra6+ Kg7 71. Kh4 Rd1 72. g4 Rh1+ 73. Kg5 Rb1 74. Ra7+ Kg8 75. f5 Rb6 76. f6 Rb4 77. Kh5 Kf8 78. g5 Kg8 79. Kg6 Rb8 80. Rg7+ 1-0

[Event "Early-Titled-Tuesday-Blitz-May-14-2024"]
[Site "Chess.com"]
[Date "2024.05.14"]
[Round "9"]
[White "ilqar_74"]
[Black "TitarovVasiliYouTube"]
[Result "1-0"]
[WhiteElo "2821"]
[BlackElo "2617"]
[TimeControl "180+1"]
[EndTime "9:48:53 PDT"]
[Termination "ilqar_74 won on time"]

1. e4 Nf6 2. e5 Nd5 3. d4 d6 4. Nf3 dxe5 5. Nxe5 c6 6. Be2 Bf5 7. O-O e6 8. c4 Nf6 9. Nc3 Nbd7 10. Be3 Bd6 11. f4 Ne4 12. c5 Be7 13. Nxe4 Bxe4 14. b4 O-O 15. b5 Nxe5 16. fxe5 Qa5 17. a4 Rad8 18. Qe1 Qxe1 19. Rfxe1 f6 20. exf6 Bxf6 21. Rad1 Bc2 22. Rd2 Bxa4 23. b6 axb6 24. cxb6 Bb3 25. Ra1 c5 26. Rb1 cxd4 27. Rxb3 dxe3 28. Rxd8 Rxd8 29. Bf3 Bd4 30. Kf1 Rd6 31. Bxb7 Bxb6 32. Bf3 g6 33. Be2 Kg7 34. Rd3 Bd4 35. Rb3 e5 36.
Bf3 Ra6 37. Rb1 Ra2 38. Be2 h5 39. g3 Kh6 40. h4 Ra7 41. Kg2 Rf7 42. Rf1 Rc7 43. Bd3 Rc3 44. Rd1 Ra3 45. Be2 Ra2 46. Kf1 Rb2 47. Rc1 Kg7 48. Rc6 Rb1+ 49. Kg2 Rb2 50.
Kf1 Ra2 51. Rc7+ Kf6 52. Rc6+ Kf5 53. Bd3+ e4 54. Be2 Ra1+ 55. Kg2 Re1 56. Rc2 Ra1 57.
Rc6 Ra2 58. Kf1 Be5 59. Rc5 Ke6 60. Bc4+ Kd6 61. Rd5+ Kc6 62. Rxe5 Rf2+ 63. Kg1 Rc2 64. Rxe4 Kc5 65. Bf1 Rc1 66. Rxe3 Kd5 67. Re2 Kd4 68. Rf2 Ke4 69. Kg2 Ke3 70. Be2 Rc2 71. Kf1 Rc1+ 72.
Kg2 Rc2 73. Rf6 Rxe2+ 74. Kh3 Kd4 75. Rxg6 Re8 76. Rh6 Re5 77. Rd6+ Ke4 78. Rf6 1-0

[Event "Early-Titled-Tuesday-Blitz-May-14-2024"]
[Site "Chess.com"]
[Date "2024.05.14"]
[Round "9"]
[White "Lucky_Puncher"]
[Black "Flameboard08"]
[Result "1/2-1/2"]
[WhiteElo "2569"]
[BlackElo "2711"]
[TimeControl "180+1"]
[EndTime "9:48:54 PDT"]
[Termination "Game drawn by repetition"]

1. d4 b6 2. e4 Bb7 3. d5 Nf6 4. Bd3 e6 5. c4 exd5 6. cxd5 c6 7.
dxc6 dxc6 8. Nc3 Bb4 9. Ne2 O-O 10. O-O Nbd7 11. Bf4 Re8 12. f3 Ne5 13. Bc2 Nc4 14.
Qc1 Nh5 15. Bg5 Bc5+ 16. Kh1 f6 17. Bh4 Ne3 18. Re1 Qc7 19. Na4 Nxc2 20. Qxc2 Bd6 21. h3 Rad8 22. Rad1 Qe7 23. Nac3 Qe5 24. f4 Nxf4 25. Bg3 g5 26. Rf1 Bb8 27. Rxd8 Rxd8 28. Nxf4 gxf4 29. Bxf4 Qe6 30. Bxb8 Rxb8 31. Qa4 a5 32.
Qd4 c5 33. Qxf6 Qxf6 34. Rxf6 Ba8 35. a4 Kg7 36. Rd6 Kf7 37. Kh2 Ke7 38. e5 h5 39.
Rh6 Rg8 40. g3 Rd8 41. g4 hxg4 42. hxg4 Rd2+ 43. Kg3 Rxb2 44. Nb5 Rb3+ 45. Kh4 Rb4 46. Nd6 Bd5 47. Nf5+ Kf8 48. Kg5 Rxa4 49. Rxb6 Ra1 50. Rd6 Be4 51. Rf6+ Ke8 52. Nd6+ Ke7 53. Nxe4 Re1 54.
Rf4 c4 55. Kf5 a4 56. Nf6 a3 57. Rxc4 a2 58. Nd5+ Kf8 59. Rc8+ Kf7 60. Rc7+ Ke8 61. Ra7 a1=Q 62. Rxa1 Rxa1 63. g5 Ra6 64. g6 Kf8 65.
Nf4 Kg7 66. Nh5+ Kf8 67. e6 Ra5+ 68. Kg4 Re5 69. Nf4 Kg7 70. Kf3 Re1 71. Kg4 Re5 72. Kg3 Re1 73. Kh4 Re5 74. Kg4 Re1 75. Kf5 Kg8 76.
Nh5 Rf1+ 77. Kg5 Re1 78. Nf6+ Kg7 79. Nh5+ Kg8 80. Nf4 Kg7 81. Nh5+ Kg8 1/2-1/2

[Event "Early-Titled-Tuesday-Blitz-May-14-2024"]
[Site "Chess.com"]
[Date "2024.05.14"]
[Round "9"]
[White "NCchamp"]
[Black "dontcatchmeifyoucant"]
[Result "0-1"]
[WhiteElo "2302"]
[BlackElo "2425"]
[TimeControl "180+1"]
[EndTime "9:48:58 PDT"]
[Termination "dontcatchmeifyoucant won on time"]

1. d4 Nf6 2. Bg5 d5 3. e3 Nbd7 4. Bd3 e6 5. Nf3 c5 6. c3 h6 7. Bh4 Qb6 8. Qc1 Bd6 9. Nbd2 e5 10. dxe5 Nxe5 11. Nxe5 Bxe5 12. Nf3 Bc7 13. a4 O-O 14. a5 Qc6 15. Qc2 Bg4 16. h3 Bxf3 17. gxf3 d4 18. cxd4 Qxf3 19. Rg1 Bh2 20. Rf1 cxd4 21. Be2 Qxh3 22.
Bxf6 gxf6 23. Qe4 dxe3 24. Bd3 exf2+ 25. Kd2 f5 26. Qxf5 Qxf5 27. Bxf5 Rad8+ 28. Ke3 Rfe8+ 29. Kf3 Re5 30. Bc2 Rg5 31. Rxf2 Be5 32. Rh1 Kg7 33. Be4 b6 34. axb6 axb6 35. Ra1 Rg3+ 36. Ke2 Rd4 37.
Bf3 Rb4 38. Ra7 Rxb2+ 39. Kf1 Rb1+ 40. Ke2 Rb2+ 41. Kf1 Rxf2+ 42. Kxf2 Rg6 43. Bd5 Bd4+ 44. Ke2 Rf6 45. Kd3 Bc5 46. Kc4 Rf2 47. Ra8 h5 48.
Ra1 h4 49. Rh1 Rf4+ 50. Kb5 Kg6 51. Rh2 Kg5 52. Rg2+ Kf6 53. Rh2 Rb4+ 54. Kc6 Rf4 55. Rh3 Bf2 56. Kb7 b5 57. Kc6 b4 58.
Rb3 Rg4 59. Rf3+ Ke5 60. Rxf2 Rg6+ 61. Kc5 f5 62. Re2+ Kf6 63. Rf2 h3 64. Kxb4 Rh6 65.
Be4 h2 66. Rxf5+ Ke6 67. Rf4 Rh3 68. Bf3 Ke5 69. Re4+ Kf5 70. Rg4 Rxf3 71. Rh4 Rf2 72. Kc3 Kg5 73. Kd3 Kxh4 74. Ke3 h1=Q 0-1

[Event "Early-Titled-Tuesday-Blitz-May-14-2024"]
[Site "Chess.com"]
[Date "2024.05.14"]
[Round "9"]
[White "blitzking1729"]
[Black "Iskusnyh"]
[Result "1/2-1/2"]
[WhiteElo "2753"]
[BlackElo "2599"]
[TimeControl "180+1"]
[EndTime "9:49:02 PDT"]
[Termination "Game drawn - insufficient material"]

1. e3 c5 2. c4 g6 3. Nf3 Bg7 4.
Nc3 Nf6 5. d4 cxd4 6. Nxd4 Nc6 7. Nc2 O-O 8. Be2 d6 9. e4 Be6 10. O-O Rc8 11. f3 Nd7 12. Nd5 Bxd5 13. cxd5 Nb4 14.
Ne3 Qb6 15. Kh1 Qd4 16. Bd2 Nd3 17. Bxd3 Qxd3 18. Rb1 Ne5 19. b3 Rc7 20. f4 Nd7 21. Ba5 Qxd1 22. Rbxd1 b6 23. Bb4 Rfc8 24. Nc4 Nf6 25.
e5 Ng4 26. exd6 exd6 27. Bxd6 Rxc4 28. bxc4 Ne3 29. Rfe1 Nxd1 30. Rxd1 Rxc4 31. Be5 f6 32. Ba1 Kf7 33. g3 Ke8 34. Re1+ Kd7 35. Kg2 Rc2+ 36. Kh3 Rxa2 37. Bc3 Rc2 38. Re3 a5 39. Bd4 Rd2 40. Bxb6 Rxd5 41. Ra3 Bf8 42. Rxa5 Rxa5 43. Bxa5 f5 44.
Bc3 Kc6 45. Kg2 Be7 46. Kf3 Kd5 47. h3 h5 48. Bg7 Kc4 49. Be5 Kd3 50. h4 Bd8 51. Bd6 Bb6 52. Bf8 Kd2 53. Bb4+ Kd3 54. Be7 Ba5 55. Bc5 Kd2 56. Bf2 Kd1 57. Bd4 Ke1 58. Be3 Kf1 59. Bf2 Bb4 60. Bd4 Be1 61.
Be3 Bc3 62. Bc5 Be1 63. Bd4 Bb4 64. Bb6 Be1 65. Bc5 Ba5 66. Be3 Ke1 67. Bd4 Kd1 68.
Be3 Kc2 69. Ke2 Kb3 70. Kd3 Be1 71. Kd4 Bxg3 72. Ke5 Bxh4 73. Ke6 Bg3 74. Kf7 h4 75. Kxg6 h3 76. Bg1 Bxf4 77. Kxf5 h2 78. Bxh2 1/2-1/2

[Event "Early-Titled-Tuesday-Blitz-May-14-2024"]
[Site "Chess.com"]
[Date "2024.05.14"]
[Round "9"]
[White "yaguigor"]
[Black "Quattroporte300"]
[Result "0-1"]
[WhiteElo "2562"]
[BlackElo "2429"]
[TimeControl "180+1"]
[EndTime "9:49:05 PDT"]
[Termination "Quattroporte300 won on time"]

1. d4 Nf6 2. c4 c6 3. Nc3 d5 4.
Nf3 e6 5. Bg5 h6 6. Bh4 Be7 7. e3 O-O 8. Rc1 Nbd7 9. Bd3 dxc4 10.
Bxc4 Nd5 11. Bg3 N7f6 12. Bd3 c5 13. Nxd5 exd5 14. dxc5 Ne4 15. Bxe4 dxe4 16. Qxd8 Rxd8 17. Nd4 Rd5 18. Bd6 Bxd6 19. cxd6 Rxd6 20. Rc7 Rd7 21. Rc3 b6 22. Kd2 Bb7 23. Rhc1 Kf8 24. Rc7 Rad8 25. b4 Ke7 26. h4 g6 27. Ke2 h5 28.
b5 Kd6 29. R7c3 Ke5 30. Ra3 Bd5 31. Kf1 f5 32. g3 Kf6 33. Ke1 Ke7 34. Rac3 Kd6 35.
a3 Ke7 36. Rc8 Kd6 37. R1c3 Ke7 38. Kd2 Bb7 39. R8c7 Kd6 40. R7c4 Bd5 41. Rb4 Ke7 42.
Kc1 Kd6 43. Ra4 Ke7 44. Rb4 Kd6 45. Rb2 Ke7 46. Rd2 Bb7 47. Kb2 Bd5 48. a4 Bb7 49.
Ka3 Bd5 50. Kb4 Bb7 51. Rdc2 Bd5 52. a5 bxa5+ 53. Kxa5 Kd6 54. Rc8 Bb7 55. Rxd8 Rxd8 56. Rc3 Rc8 57. Rxc8 Bxc8 58. Nc6 a6 59. Kb6 axb5 60.
Nb4 Bd7 61. Nc2 Kd5 62. Kc7 Be6 63. Kb6 Kc4 64. Na3+ Kd3 65. Nxb5 Ke2 66. Nd4+ Kxf2 67. Nxe6 Kxe3 68. Nf4 Kf3 69. Nxg6 Kxg3 70. Ne7 f4 71. Nf5+ Kg4 72. Nd4 f3 73. Nc2 f2 74. Kc5 Kxh4 75.
Ne3 Kg3 76. Kd4 Kf3 0-1